 Dungeon Crawl Stone Soup version 0.27.1-3-gb3d3a73c9e (webtiles) character file.

Game seed: 9595375492141854727

50 cdecastro the Chiller (level 3, -1/19 HPs)
             Began as a Deep Elf Ice Elementalist on Oct 9, 2021.
             Slain by a phantom (6 damage)
             ... on level 2 of the Dungeon.
             The game lasted 00:03:51 (1716 turns).

cdecastro the Chiller (Deep Elf Ice Elementalist)   Turns: 1716, Time: 00:03:52

Health: -1/19      AC:  2    Str:  5    XL:     3   Next: 55%
Magic:  9/9        EV: 12    Int: 20    God:
Gold:   74         SH:  0    Dex: 15    Spells: 1/8 levels left

rFire    . . .     SeeInvis .   (no weapon)
rCold    . . .     Faith    .   (no shield)
rNeg     . . .     Spirit   .   a - +0 robe
rPois    .         Reflect  .   (no helmet)
rElec    .         Harm     .   (no cloak)
rCorr    .         Rampage  .   (no gloves)
Will     .....                  (no boots)
Stlth    ++........             (no amulet)
HPRegen  0.06/turn              (no ring)
MPRegen  0.11/turn              (no ring)

@: no status effects
A: no striking features
a: no special abilities


You were on level 2 of the Dungeon.
You visited 1 branch of the dungeon, and saw 2 of its levels.

You collected 74 gold pieces.

Inventory:

Missiles
 d - 16 sling bullets
 k - 2 stones
Armour
 a - a +0 robe (worn)
Magical Staves
 h - a staff of fire
Scrolls
 e - a scroll of magic mapping {unknown}
 g - a scroll of teleportation {unknown}
 j - a scroll of immolation {unknown}
 l - a scroll of identify {unknown}
Potions
 b - a potion of heal wounds {unknown}
 c - a potion of magic {unknown}
 f - a potion of curing {unknown}
 i - a potion of resistance {unknown}


   Skills:
 - Level 2.4 Dodging
 - Level 2.4 Stealth
 - Level 3.0 Spellcasting
 + Level 5.9 Ice Magic


You had one spell level left.
You knew the following spells:

 Your Spells              Type           Power      Damage    Failure   Level
a - Freeze                Ice            100%       1d11      1%          1
b - Frozen Ramparts       Ice            52%        1d7       3%          3
c - Ozocubu's Armour      Ice            26%        N/A       3%          3

Your spell library contained the following spells:

 Spells                   Type           Power      Damage    Failure   Level
 Hailstorm                Conj/Ice       14%        3d5       38%         4


Dungeon Overview and Level Annotations

Branches:
Dungeon (2/15)

Altars:


Message History

r - Retreat! s - Stop attacking. g - Guard the area. f - Follow me.
Anything else - Cancel.
You shout for attention!
The frozen ramparts melt away.
You hear a shout!
You hear a bark!
A hobgoblin comes into view.
The worm bites you.
Things that are here:
a +0 dagger; a +1 dagger of electrocution
There is a stone staircase leading down here.
There is an escape hatch in the ceiling here.
A mysterious force pulls you upwards. The hatch slams shut behind you.
You start resting.
HP restored.
There is a stone staircase leading down here.
You climb downwards.
Found an escape hatch in the floor.
There is a stone staircase leading up here.
The bat barely misses you.
You climb upwards.
There is a stone staircase leading down here.
Unknown command.
You freeze the bat!
You kill the bat!
You start resting.
Magic restored.
You climb downwards.
The phantom hits you. x2
There is a stone staircase leading up here.
Unknown command.
Press: ? - help, v - describe, . - travel
Here: a phantom The floor.
The phantom hits you!
* * * LOW HITPOINT WARNING * * *
The phantom blinks!
You blink.
You stop ascending the stairs.
Unknown command.
Unknown command.
The phantom hits you.
You die...

......#
......#
....... #
.....## ≈#
.##..# #..
≈≈# #... #≈≈#
....######≈≈#
.#.....W.≈≈≈#
........@.≈##
#........≈#
#........##
#.....§.##
.........#
##...>...#
#.......#
#########


You could see a phantom.

Vanquished Creatures
  An adder (D:2)
  A dart slug (D:1)
  An orc (D:2)
  6 ball pythons
  4 bats
  An endoplasm (D:2)
  8 goblins
  2 hobgoblins
  A jackal (D:2)
  2 quokkas (D:1)
  4 frilled lizards
  3 kobolds
  A rat (D:1)
35 creatures vanquished.

Notes
Turn   | Place    | Note
-------+----------+-------------------------------------------
     0 | D:1      | cdecastro the Deep Elf Ice Elementalist began the quest for
                  | the Orb.
     0 | D:1      | Reached XP level 1. HP: 10/10 MP: 6/6
   172 | D:1      | Found a faded altar of an unknown god.
   467 | D:1      | Reached XP level 2. HP: 15/15 MP: 6/8
   491 | D:1      | Reached skill level 5 in Ice Magic
  1135 | D:2      | Reached XP level 3. HP: 19/19 MP: 6/9
  1196 | D:2      | Learned a level 3 spell: Frozen Ramparts
  1200 | D:2      | Learned a level 3 spell: Ozocubu's Armour
  1700 | D:2      | Noticed a phantom
  1716 | D:2      | Slain by a phantom

Illustrated notes

Levels and vault maps discovered:
D:1:      minmay_arrival_jagged, layout_basic,
          hellmonk_ecumenical_altar_crossroads
D:2:      layout_rooms, serial_rivers, chequers_serial_rivers_micro_d,
          chequers_serial_rivers_large_b, chequers_serial_rivers_micro_c,
          chequers_serial_rivers_room_b, chequers_serial_rivers_micro_e,
          chequers_serial_rivers_small_a, skrybe_limestone_x, minmay_surrounded

Skill      XL: |  1  2 |
---------------+-------+-----
Ice Magic      | 5 |  5.9
Dodging        | |  2.4
Stealth        | |  2.4
Spellcasting   | |  3.0

Action                   || total
-------------------------++-------
 Cast: Freeze            ||    39
       Frozen Ramparts   ||     1
Armor: Robe              ||     3
Dodge: Dodged            ||    20
